NYP
WILLIAMSPORT CROSSCUTTERS @ HILLSBORO HOPS
08/16/2047
 
TOP OF THE 1ST
Williamsport Crosscutters batting - Pitching for Hillsboro Hops : RHP Alexis Priego
Pitching: RHP Alexis Priego
Batting: LHB Rich Kuehne 0-0: Ball
1-0: Swinging Strike
1-1: Ball
2-1: Foul Ball, location: 2F
2-2: Strikes out swinging
Batting: SHB Marco de Leon 0-0: Foul Ball, location: 2F
0-1: Swinging Strike
0-2: Foul Ball, location: 2F
0-2: Ball
1-2: Strikes out looking
Batting: RHB Carlos Morejon 0-0: Foul Ball, location: 2F
0-1: Ground out 5-3 (Groundball, 56S, EV 71.9 MPH)
Top of the 1st over - 0 runs, 0 hits, 0 errors, 0 left on base; Williamsport 0 - Hillsboro 0
BOTTOM OF THE 1ST
Hillsboro Hops batting - Pitching for Williamsport Crosscutters : RHP John Hughes
Pitching: RHP John Hughes
Batting: RHB Nelson Ozuna 0-0: Ball
1-0: Foul Ball, location: 2F
1-1: Ball
2-1: SINGLE (Groundball, 6MD, EV 103.1 MPH)
Batting: RHB Dwane Reed 0-0: Called Strike
Nelson Ozuna steals 2nd base
0-1: Ball
1-1: Ground out 6-3 (Groundball, 6, EV 80.6 MPH)
Nelson Ozuna to third
Batting: RHB Terry Jarrells 0-0: Ball
1-0: Swinging Strike
1-1: Ball
2-1: Foul Ball, location: 2F
2-2: Foul Ball, location: 2F
2-2: Ball
3-2: Foul Ball, location: 2F
3-2: Foul Ball, location: 2F
3-2: Foul Ball, location: 2F
3-2: Base on Balls
Batting: RHB Danny Loyola 0-0: Ball
1-0: Fly out, F9 (Line Drive, 9, EV 94.4 MPH)
Runner from 3rd tags up, SCORES, throw by RF
Batting: RHB Jonathan Underhill 0-0: Ball
Wild Pitch!
Terry Jarrells to second
1-0: Ball
2-0: Called Strike
2-1: Ball
3-1: Foul Ball, location: 2F
3-2: Base on Balls
Batting: RHB Longfellow Wetzler 0-0: Ball
1-0: Ground out 5-3 (Groundball, 56S, EV 84.4 MPH)
Bottom of the 1st over - 1 run, 1 hit, 0 errors, 2 left on base; Williamsport 0 - Hillsboro 1
TOP OF THE 2ND
Williamsport Crosscutters batting - Pitching for Hillsboro Hops : RHP Alexis Priego
Batting: SHB Brett St. Clair 0-0: Called Strike
0-1: Foul Ball, location: 2F
0-2: Ball
1-2: SINGLE (Groundball, 56D, EV 100.6 MPH)
Batting: RHB Antonio Lara 0-0: Ball
1-0: Called Strike
1-1: Foul Ball, location: 2F
1-2: Foul Ball, location: 2F
1-2: Ball
2-2: Strikes out swinging
Batting: RHB Pete Deschamps 0-0: Ball
1-0: Ground out 4-3 (Groundball, 34S, EV 85.0 MPH)
Brett St. Clair to second
Batting: RHB Gary Sampson 0-0: Ball
1-0: Called Strike
1-1: Ball
2-1: Ball
3-1: Swinging Strike
3-2: Foul Ball, location: 2F
3-2: Strikes out swinging
Top of the 2nd over - 0 runs, 1 hit, 0 errors, 1 left on base; Williamsport 0 - Hillsboro 1
BOTTOM OF THE 2ND
Hillsboro Hops batting - Pitching for Williamsport Crosscutters : RHP John Hughes
Batting: RHB Chris McGrath 0-0: Ball
1-0: Ball
2-0: Foul Ball, location: 2F
2-1: Ground out 5-3 (Groundball, 56, EV 81.9 MPH)
Batting: RHB Daniel Rivera 0-0: Called Strike
0-1: Swinging Strike
0-2: Ball
1-2: Foul Ball, location: 2F
1-2: Ball
2-2: Reached on error, E5 (Groundball, 56S, EV 72.5 MPH)
Batting: RHB Trevor Corey 0-0: Ball
1-0: Ball
Wild Pitch!
Daniel Rivera to third
2-0: Ball
3-0: Called Strike
3-1: Foul Ball, location: 2F
3-2: Base on Balls
Batting: RHB Nelson Ozuna 0-0: Ball
1-0: SINGLE (Flyball, 78M, EV 92.5 MPH)
Daniel Rivera scores
Trevor Corey to second
Batting: RHB Dwane Reed 0-0: Swinging Strike
0-1: Foul Ball, location: 2F
0-2: Fly out, F9 (Flyball, 9LD, EV 86.2 MPH)
Runner from 2nd tags up, SAFE at 3rd, no throw by RF
Batting: RHB Terry Jarrells 0-0: Called Strike
0-1: Called Strike
0-2: Ball
1-2: Fly out, F5 (Popup, 5L, EV 61.9 MPH)
Bottom of the 2nd over - 1 run, 1 hit, 1 error, 2 left on base; Williamsport 0 - Hillsboro 2
TOP OF THE 3RD
Williamsport Crosscutters batting - Pitching for Hillsboro Hops : RHP Alexis Priego
Batting: RHB Bobby Matyas 0-0: Foul Ball, location: 2F
0-1: SINGLE (Groundball, 6S, EV 68.8 MPH) (infield hit)
Batting: SHB Miguel Sierra 0-0: Called Strike
0-1: Ball
Wild Pitch!
Bobby Matyas to second
1-1: Called Strike
1-2: Ball
2-2: Strikes out looking
Batting: LHB Rich Kuehne 0-0: Ball
1-0: Foul Ball, location: 2F
1-1: Foul Ball, location: 2F
1-2: Strikes out looking
Batting: SHB Marco de Leon 0-0: Foul Ball, location: 2F
0-1: Called Strike
0-2: Strikes out swinging
Top of the 3rd over - 0 runs, 1 hit, 0 errors, 1 left on base; Williamsport 0 - Hillsboro 2
BOTTOM OF THE 3RD
Hillsboro Hops batting - Pitching for Williamsport Crosscutters : RHP John Hughes
Batting: RHB Danny Loyola 0-0: Foul Ball, location: 2F
0-1: DOUBLE (Flyball, 8LXD, EV 93.1 MPH)
Batting: RHB Jonathan Underhill 0-0: Ball
1-0: Ball
2-0: Called Strike
2-1: Foul Ball, location: 2F
2-2: Strikes out swinging
Batting: RHB Longfellow Wetzler 0-0: Called Strike
0-1: Foul Ball, location: 2F
0-2: Ground out 5-3 (Groundball, 56, EV 81.9 MPH)
Batting: RHB Chris McGrath 0-0: Ball
1-0: Ball
2-0: Called Strike
2-1: Fly out, F8 (Flyball, 8RD, EV 90.0 MPH)
Bottom of the 3rd over - 0 runs, 1 hit, 0 errors, 1 left on base; Williamsport 0 - Hillsboro 2
TOP OF THE 4TH
Williamsport Crosscutters batting - Pitching for Hillsboro Hops : RHP Alexis Priego
Batting: RHB Carlos Morejon 0-0: Ball
1-0: Swinging Strike
1-1: Swinging Strike
1-2: Ball
2-2: Strikes out swinging
Batting: SHB Brett St. Clair 0-0: Ball
1-0: SINGLE (Line Drive, 9S, EV 90.0 MPH)
Batting: RHB Antonio Lara 0-0: Called Strike
0-1: SINGLE (Groundball, 56, EV 99.4 MPH)
Brett St. Clair to second
Batting: RHB Pete Deschamps 0-0: Foul Ball, location: 2F
0-1: Ball
1-1: Fielders Choice at 2nd, 3-6 (Groundball, 34, EV 97.5 MPH)
Brett St. Clair to third
Batting: RHB Gary Sampson 0-0: Foul Ball, location: 2F
0-1: Ball
1-1: Ball
2-1: Foul Ball, location: 2F
2-2: Foul Ball, location: 2F
2-2: Ball
3-2: Strikes out swinging
Top of the 4th over - 0 runs, 2 hits, 0 errors, 2 left on base; Williamsport 0 - Hillsboro 2
BOTTOM OF THE 4TH
Hillsboro Hops batting - Pitching for Williamsport Crosscutters : RHP John Hughes
Batting: RHB Daniel Rivera 0-0: Called Strike
0-1: Called Strike
0-2: Ball
1-2: Ball
2-2: Ball
3-2: Fly out, F8 (Flyball, 8RD, EV 89.4 MPH)
Batting: RHB Trevor Corey 0-0: Called Strike
0-1: Called Strike
0-2: Strikes out swinging
Batting: RHB Nelson Ozuna 0-0: Ball
1-0: Called Strike
1-1: Called Strike
1-2: Strikes out looking
Bottom of the 4th over - 0 runs, 0 hits, 0 errors, 0 left on base; Williamsport 0 - Hillsboro 2
TOP OF THE 5TH
Williamsport Crosscutters batting - Pitching for Hillsboro Hops : RHP Alexis Priego
Batting: RHB Bobby Matyas 0-0: Foul Ball, location: 2F
0-1: Foul Ball, location: 2F
0-2: Ball
1-2: SINGLE (Groundball, 34D, EV 104.4 MPH)
Batting: SHB Miguel Sierra 0-0: Called Strike
0-1: Ball
1-1: Called Strike
1-2: Foul Ball, location: 2F
1-2: Strikes out swinging
Batting: LHB Rich Kuehne 0-0: Swinging Strike
0-1: Called Strike
0-2: Ball
1-2: Ball
2-2: Strikes out looking
Batting: SHB Marco de Leon 0-0: Foul Ball, location: 2F
0-1: Foul Ball, location: 2F
0-2: Strikes out swinging
Top of the 5th over - 0 runs, 1 hit, 0 errors, 1 left on base; Williamsport 0 - Hillsboro 2
BOTTOM OF THE 5TH
Hillsboro Hops batting - Pitching for Williamsport Crosscutters : RHP John Hughes
Batting: RHB Dwane Reed 0-0: Foul Ball, location: 2F
0-1: Called Strike
0-2: Foul Ball, location: 2F
0-2: Ball
1-2: Ball
2-2: Ball
3-2: Base on Balls
Pitching: RHP Markus Bevan
Batting: RHB Terry Jarrells 0-0: Ball
1-0: Fly out, F9 (Flyball, 89M, EV 95.0 MPH)
Batting: RHB Danny Loyola 0-0: Ball
Dwane Reed steals 2nd base
1-0: Ball
2-0: DOUBLE (Flyball, 8LXD, EV 95.0 MPH)
Dwane Reed scores
Batting: RHB Jonathan Underhill 0-0: Foul Ball, location: 2F
0-1: Ball
1-1: Ball
2-1: Foul Ball, location: 2F
2-2: Ground out 4-3 (Groundball, 4, EV 110.6 MPH)
Danny Loyola to third
Batting: RHB Longfellow Wetzler 0-0: Foul Ball, location: 2F
0-1: Ball
1-1: Foul Ball, location: 2F
1-2: Ball
2-2: Fly out, F9 (Line Drive, 9, EV 91.2 MPH)
Bottom of the 5th over - 1 run, 1 hit, 0 errors, 1 left on base; Williamsport 0 - Hillsboro 3
TOP OF THE 6TH
Williamsport Crosscutters batting - Pitching for Hillsboro Hops : RHP Alexis Priego
Batting: RHB Carlos Morejon 0-0: Ball
1-0: Called Strike
1-1: Swinging Strike
1-2: Strikes out swinging
Batting: SHB Brett St. Clair 0-0: Swinging Strike
0-1: Ground out U3 (Groundball, 34, EV 83.1 MPH)
Batting: RHB Antonio Lara 0-0: Called Strike
0-1: Swinging Strike
0-2: Strikes out swinging
Top of the 6th over - 0 runs, 0 hits, 0 errors, 0 left on base; Williamsport 0 - Hillsboro 3
BOTTOM OF THE 6TH
Hillsboro Hops batting - Pitching for Williamsport Crosscutters : RHP Markus Bevan
Batting: RHB Chris McGrath 0-0: Called Strike
0-1: Hit by Pitch
Batting: RHB Daniel Rivera Balk!
Chris McGrath to second
0-0: Called Strike
0-1: Called Strike
0-2: Ground out 6-3 (Groundball, 6, EV 86.2 MPH)
Chris McGrath to third
Batting: RHB Trevor Corey 0-0: Swinging Strike
0-1: Foul Ball, location: 2F
0-2: Foul Ball, location: 2F
0-2: Ball
1-2: Ball
2-2: Strikes out swinging
Batting: RHB Nelson Ozuna 0-0: Foul Ball, location: 2F
0-1: Ball
1-1: SINGLE (Groundball, 56S, EV 67.5 MPH) (infield hit)
Chris McGrath scores
Pitching: RHP Francisco Tejada
Batting: RHB Dwane Reed 0-0: Ball
Nelson Ozuna steals 2nd base
1-0: Ball
2-0: Swinging Strike
2-1: Ball
3-1: Base on Balls
Batting: RHB Terry Jarrells 0-0: Ball
1-0: Called Strike
1-1: Foul Ball, location: 2F
1-2: SINGLE (Groundball, 15, EV 84.4 MPH) (infield hit)
Nelson Ozuna to third
Dwane Reed to second
Batting: RHB Danny Loyola 0-0: Called Strike
0-1: Swinging Strike
0-2: Foul Ball, location: 2F
0-2: Strikes out swinging
Bottom of the 6th over - 1 run, 2 hits, 0 errors, 3 left on base; Williamsport 0 - Hillsboro 4
TOP OF THE 7TH
Williamsport Crosscutters batting - Pitching for Hillsboro Hops : RHP Alexis Priego
Now at 1B: Orlando Florez
Now at 3B: Dwane Reed
Now at SS: Josh Kirk
Batting: RHB Pete Deschamps 0-0: Ground out 4-3 (Groundball, 4, EV 100.6 MPH)
Batting: RHB Gary Sampson 0-0: Called Strike
0-1: Ball
1-1: Foul Ball, location: 2F
1-2: Ground out U3 (Groundball, 3, EV 106.9 MPH)
Batting: RHB Bobby Matyas 0-0: Called Strike
0-1: Ball
1-1: Swinging Strike
1-2: Strikes out looking
Top of the 7th over - 0 runs, 0 hits, 0 errors, 0 left on base; Williamsport 0 - Hillsboro 4
BOTTOM OF THE 7TH
Hillsboro Hops batting - Pitching for Williamsport Crosscutters : RHP Francisco Tejada
Batting: RHB Jonathan Underhill 0-0: Ball
1-0: Ball
2-0: Ball
3-0: Called Strike
3-1: DOUBLE (Flyball, 78XD, EV 100.0 MPH)
Batting: RHB Longfellow Wetzler 0-0: Called Strike
0-1: Ball
1-1: Called Strike
Jonathan Underhill steals 3rd base (no throw)
1-2: Ground out 6-3 (Groundball, 56, EV 79.4 MPH)
Jonathan Underhill scores
Batting: RHB Chris McGrath 0-0: Ball
1-0: Ball
2-0: Ball
3-0: Called Strike
3-1: Foul Ball, location: 2F
3-2: Foul Ball, location: 2F
3-2: Base on Balls
Batting: RHB Orlando Florez 0-0: Called Strike
Chris McGrath steals 2nd base (no throw)
0-1: Ball
1-1: Ball
2-1: Ground out 4-3 (Groundball, 4, EV 84.4 MPH)
Chris McGrath to third
Batting: RHB Trevor Corey 0-0: Foul Ball, location: 2F
0-1: Swinging Strike
0-2: Strikes out swinging
Bottom of the 7th over - 1 run, 1 hit, 0 errors, 1 left on base; Williamsport 0 - Hillsboro 5
TOP OF THE 8TH
Williamsport Crosscutters batting - Pitching for Hillsboro Hops : RHP Alexis Priego
Pitching: RHP Ted Splawn
Batting: SHB Miguel Sierra 0-0: Foul Ball, location: 2F
0-1: Swinging Strike
0-2: Strikes out swinging
Batting: LHB Rich Kuehne 0-0: Swinging Strike
0-1: Fly out, F7 (Flyball, 7LS, EV 90.0 MPH)
Batting: SHB Marco de Leon 0-0: Called Strike
0-1: Ball
1-1: Swinging Strike
1-2: Foul Ball, location: 2F
1-2: Ball
2-2: Strikes out swinging
Top of the 8th over - 0 runs, 0 hits, 0 errors, 0 left on base; Williamsport 0 - Hillsboro 5
BOTTOM OF THE 8TH
Hillsboro Hops batting - Pitching for Williamsport Crosscutters : RHP Francisco Tejada
Batting: RHB Nelson Ozuna 0-0: Foul Ball, location: 2F
0-1: Ball
1-1: Foul Ball, location: 2F
1-2: Ground out U3 (Groundball, 34, EV 92.5 MPH)
Batting: RHB Dwane Reed 0-0: Ball
1-0: Ball
2-0: Reached on error, E4 (Groundball, 4, EV 81.9 MPH)
Batting: LHB Josh Kirk 0-0: Called Strike
0-1: Called Strike
0-2: Ball
1-2: Ball
Dwane Reed steals 2nd base
2-2: Foul Ball, location: 2F
2-2: Ball
3-2: Strikes out swinging, 2-3 out at first.
Batting: RHB Danny Loyola 0-0: Fly out, F7 (Flyball, 7LMF, EV 82.5 MPH)
Bottom of the 8th over - 0 runs, 0 hits, 1 error, 1 left on base; Williamsport 0 - Hillsboro 5
TOP OF THE 9TH
Williamsport Crosscutters batting - Pitching for Hillsboro Hops : RHP Ted Splawn
Batting: RHB Carlos Morejon 0-0: Called Strike
0-1: Ground out 6-3 (Groundball, 6, EV 111.2 MPH)
Batting: SHB Brett St. Clair 0-0: Foul Ball, location: 2F
0-1: Ball
1-1: Ball
2-1: Called Strike
2-2: Strikes out looking
Batting: RHB Antonio Lara 0-0: Ball
1-0: Swinging Strike
1-1: Ball
2-1: Foul Ball, location: 2F
2-2: Foul Ball, location: 2F
2-2: Strikes out looking
Top of the 9th over - 0 runs, 0 hits, 0 errors, 0 left on base; Williamsport 0 - Hillsboro 5
Thursday, December 15th , 2022 - OOTP Baseball 23.9 Build 102